 Dungeon Crawl Stone Soup version 0.28-a0-655-g4eb62b627b (webtiles) character file.

Game seed: 7411491506786553580

122 siradein the Chiller (level 4, 0/33 HPs)
             Began as a Draconian Ice Elementalist on Oct 12, 2021.
             Killed from afar by an orc wizard (2 damage)
             ... with a puff of flame
             ... on level 3 of the Dungeon.
             The game lasted 00:09:31 (2812 turns).

siradein the Chiller (Draconian Ice Elementalist)   Turns: 2812, Time: 00:09:31

Health: 0/33       AC:  6    Str: 11    XL:     4   Next: 78%
Magic:  3/9        EV: 27    Int: 16    God:
Gold:   95         SH:  0    Dex: 11    Spells: 3/10 levels left

rFire   . . .      SeeInvis .   g - +2 whip (freeze)
rCold   . . .      Faith    .   (no shield)
rNeg    . . .      Spirit   .   (armour unavailable)
rPois   +          Reflect  .   (helmet restricted)
rElec   .          Harm     .   j - +0 cloak
rCorr   .          Rampage  .   (no gloves)
Will    .....                   (no boots)
Stlth   +.........              a - amulet of the acrobat
HPRegen 0.11/turn               e - ring of poison resistance
MPRegen 0.11/turn               (no ring)

@: confused, acrobatic
A: AC +5, unfitting armour, cold-blooded
a: no special abilities


You were on level 3 of the Dungeon.
You visited 1 branch of the dungeon, and saw 3 of its levels.

You collected 95 gold pieces.

Inventory:

Hand Weapons
 g - a +2 whip of freezing (weapon)
Armour
 j - a +0 cloak (worn)
Jewellery
 a - an amulet of the acrobat (around neck)
 e - a ring of poison resistance (left hand)
Scrolls
 b - a scroll of identify {unknown}
 i - a scroll of enchant weapon {unknown}
Potions
 c - a potion of curing {unknown}
 d - 2 potions of magic {unknown}
 f - a potion of attraction {unknown}
 h - a potion of invisibility {unknown}
 k - a potion of mutation {unknown}


   Skills:
 - Level 1.7 Dodging
 - Level 1.7 Stealth
 + Level 3.5 Spellcasting
 + Level 5.2 Ice Magic


You had 3 spell levels left.
You knew the following spells:

 Your Spells              Type           Power      Damage    Failure   Level
a - Freeze                Ice            76%        1d9       1%          1
b - Frozen Ramparts       Ice            38%        1d5       6%          3
c - Ozocubu's Armour      Ice            19%        N/A       6%          3

Your spell library contained the following spells:

 Spells                   Type           Power      Damage    Failure   Level
 Hailstorm                Conj/Ice       11%        3d5       52%         4
 Summon Ice Beast         Ice/Summ       11%        N/A       52%         4
 Summon Mana Viper        Hex/Summ       2%         N/A       99%         5
 Monstrous Menagerie      Summ           1%         N/A       100%        7


Dungeon Overview and Level Annotations

Branches:
Dungeon (3/15)

Altars:


Innate Abilities, Weirdness & Mutations

Your plain brown scales are hard. (AC +5)
You cannot fit into any form of body armour.
You are cold-blooded and may be slowed by cold attacks.


Message History

Your tail-slap misses the orc wizard.
The orc wizard is lightly wounded.
The orc wizard hits you with a +0 dagger of flaming.
The orc wizard burns you.
The wall freezes the orc.
The orc hits you with a +0 falchion.
The wall freezes the orc.
You kill the orc!
The orc wizard casts a spell at you. The puff of flame hits you!
* * * LOW HITPOINT WARNING * * *
The wall freezes the orc.
You kill the orc!
Casting: Frozen Ramparts (dangerous; 6% risk of failure)
Confirm with . or Enter, or press ? or * to list all spells.
A film of ice covers your body!
The orc wizard hits you with a +0 dagger of flaming.
* * * LOW HITPOINT WARNING * * *
The orc wizard burns you.
* * * LOW HITPOINT WARNING * * *
The heat melts your icy armour.
You hit the orc wizard. You freeze the orc wizard.
The orc wizard is heavily wounded.
The orc wizard points at you and mumbles some strange words.
The magic dart hits you but does no damage.
You hit the orc wizard. You freeze the orc wizard.
The orc wizard is heavily wounded.
The orc wizard hits you but does no damage.
You hit the orc wizard. You freeze the orc wizard.
The orc wizard is almost dead.
The orc wizard points at you and mumbles some strange words.
You are confused.
Your icy armour and frozen ramparts will break if you move.
Continue?
Okay, then.
Your icy armour and frozen ramparts will break if you move.
Continue? [Y]es or [N]o only, please.
Your icy armour and frozen ramparts will break if you move.
Continue?
Your icy armour cracks and falls away as you move.
The frozen ramparts melt away as you move.
The orc wizard gestures at you while chanting.
The puff of flame hits you.
You die...

#... ##...##
#...... #...#.#
#...#o# #...#.#
#.o)#.# #
###..)#.##.##.
#....@).......
.#.......#####.
#.........# .#
..........# .#
#..##....##### .#
.............# .#
..####.#.###.##.#
#.#.# #.##.#
#.#.###.##.#


You could see an orc wizard.

Vanquished Creatures
  Terence (D:2)
  Robin (D:2)
  A gnoll (D:1)
  2 worms (D:2)
  2 dart slugs (D:2)
  3 orcs (D:3)
  6 ball pythons
  2 bats
  3 endoplasms (D:2)
  A giant cockroach (D:1)
  17 goblins
  4 hobgoblins
  7 kobolds
  A quokka (D:1)
  6 frilled lizards
  5 rats
62 creatures vanquished.

Notes
Turn   | Place    | Note
-------+----------+-------------------------------------------
     0 | D:1      | siradein the Draconian Ice Elementalist began the quest for
                  | the Orb.
     0 | D:1      | Reached XP level 1. HP: 14/14 MP: 3/3
   203 | D:1      | Reached XP level 2. HP: 15/20 MP: 5/5
   867 | D:1      | Reached XP level 3. HP: 16/26 MP: 2/7
  1761 | D:2      | Noticed Robin
  1789 | D:1      | Learned a level 3 spell: Frozen Ramparts
  1793 | D:1      | Learned a level 3 spell: Ozocubu's Armour
  1810 | D:2      | Killed Robin
  1811 | D:2      | Reached XP level 4. HP: 5/33 MP: 2/8
  2325 | D:2      | Reached skill level 5 in Ice Magic
  2405 | D:2      | Noticed Terence
  2412 | D:2      | Killed Terence
  2812 | D:3      | Killed from afar by an orc wizard

Illustrated notes

Levels and vault maps discovered:
D:1:      nicolae_arrival_memento_mori, layout_basic
D:2:      layout_loops_ring, uniq_terence, uniq_robin
D:3:      layout_loops_ring, hellmonk_ecumenical_altar_lost_god

Skill      XL: |  1  2  3  4 |
---------------+-------------+-----
Spellcasting   | 3 |  3.5
Ice Magic      | 5 |  5.2
Dodging        | |  1.7
Stealth        | |  1.7

Action                   |  1- 3 |  4- 6 || total
-------------------------+-------+-------++-------
Melee: Short sword       |    72 |       ||    72
       Unarmed           |     4 |       ||     4
       Tailslap          |     4 |     2 ||     6
       Whip              |     9 |    46 ||    55
 Cast: Freeze            |    15 |       ||    15
       Frozen Ramparts   |     2 |     3 ||     5
       Ozocubu's Armour  |       |     2 ||     2
 Stab: Sleeping          |     2 |       ||     2
Armor: Skin              |    28 |    15 ||    43
Dodge: Dodged            |    60 |    18 ||    78

Table legend: (Time is in decaauts)
 A = Elapsed time spent in this place.
 B = Non-inter-level travel time spent in this place.
 C = Inter-level travel time spent in this place.
 D = Time resting spent in this place.
 E = Time spent auto-exploring this place.
 F = Levels seen in this place.
 G = Mean time per level.
                   A        B        C        D        E       F      G
               +--------+--------+--------+--------+--------+-----+--------+
         Total |   2824 |   2795 |     29 |    245 |   2137 |   3 |  941.3 |
       Dungeon |   2824 |   2795 |     29 |    245 |   2137 |   3 |  941.3 |
               +--------+--------+--------+--------+--------+-----+--------+

Top non-repeatable levels by time:
     D:1: 1716 daAuts
     D:2: 1066 daAuts
     D:3: 42 daAuts
